 Seeded DCSS version 0.26-a0-664-gc8b27b8fc1 (webtiles) character file.

Game seed: 1594776617720414196 (custom seed)

875 McKennaii the Chopper (level 8, -4/48 HPs)
             Began as a Gargoyle Fighter on Oct 13, 2020.
             Slain by a hornet zombie (5 damage)
             ... on level 5 of the Dungeon.
             The game lasted 00:08:11 (4051 turns).

McKennaii the Chopper (Gargoyle Fighter)            Turns: 4051, Time: 00:08:12

Health: -4/48      AC: 13    Str: 21 (22) XL:     8   Next: 4%
Magic:  8/8        EV:  6    Int:  6 (9)  God:
Gold:   246        SH: 15    Dex: 14 (15) Spells: 7/7 levels left

rFire    . . .     SeeInvis .   a - +0 war axe
rCold    . . .     Faith    .   c - +0 kite shield
rNeg     + . .     Spirit   .   q - +0 chain mail
rPois    ∞         Reflect  +   (no helmet)
rElec    +         Harm     .   (no cloak)
rCorr    .         Rampage  .   f - +0 pair of gloves
MR       .....                  o - +0 pair of boots
Stlth    ..........             r - amulet of reflection
HPRegen  0.16/turn              g - +6 ring of dexterity
MPRegen  0.11/turn              (no ring)

@: mighty, corroded, stab
A: negative energy resistance 1, electricity resistance, unbreathing,
petrification resistance, rot immunity, AC +5
a: no special abilities


You were on level 5 of the Dungeon.
You visited 1 branch of the dungeon, and saw 5 of its levels.

You collected 246 gold pieces.

Inventory:

Hand Weapons
 a - a +0 war axe (weapon)
Armour
 c - a +0 kite shield (worn)
 f - a +0 pair of gloves (worn)
 o - a +0 pair of boots (worn)
 q - a +0 chain mail (worn)
Jewellery
 g - a +6 ring of dexterity (left hand)
 l - an uncursed amulet of guardian spirit
 r - an amulet of reflection (around neck)
Wands
 u - a wand of random effects (20)
Scrolls
 b - 2 scrolls of noise
 e - 5 scrolls of teleportation
 k - 3 scrolls of identify
 m - a scroll of fog {unknown}
 s - a scroll of enchant armour {unknown}
Potions
 d - a potion of might
 h - 3 potions of degeneration
 i - a potion of curing
 j - a potion of lignification
 n - a potion of stabbing
 t - a potion of brilliance {unknown}


   Skills:
 + Level 4.5 Fighting
 + Level 6.0 Axes
 + Level 4.8 Armour
 + Level 1.0 Dodging
 + Level 1.6 Stealth
 + Level 5.1 Shields


You had 7 spell levels left.
You didn't know any spells.
Your spell library contained the following spells:

 Spells                   Type           Power        Failure   Level
 Corona                   Hex            #......      100%        1
 Ensorcelled Hibernation  Hex/Ice        #.....       100%        2
 Confusing Touch          Hex            #.......     100%        3
 Dazzling Flash           Conj/Hex       #.....       100%        3
 Gell's Gravitas          Tloc           #.........   100%        3
 Tukima's Dance           Hex            #.......     100%        3
 Petrify                  Tmut/Erth      #.......     100%        4
 Metabolic Englaciation   Hex/Ice        #.........   100%        5
 Yara's Violent Unravell  Hex/Tmut       #.........   100%        5


Dungeon Overview and Level Annotations

Branches:
Dungeon (5/15)             Temple (0/1) D:5

Altars:
Ashenzari
Dithmenos
Hepliaklqana
Kikubaaqudgha
Makhleb
Nemelex Xobeh
Okawaru
Ru
Xom

Shops:
D:4 [}

Annotations:
D:3 3 runed translucent doors, tensugalgo's ghost, novice TrFi


Innate Abilities, Weirdness & Mutations

You are resistant to torment.
Your stone body is resilient. (AC +5)
You are immune to poison.
You resist negative energy. (rN+)
You are resistant to electric shocks. (rElec)
You can survive without breathing.
You are immune to petrification.
You are immune to rotting.


Message History

The hornet zombie hits you but does no damage.
Something hits you but does no damage. You block the hornet zombie's attack.
Unknown command.
You slash the hornet zombie!
The hornet zombie is heavily damaged.
You block something's attack.
The hornet zombie hits you but does no damage.
You block something's attack.
Unknown command.
You barely miss the hornet zombie.
The hornet zombie is heavily damaged.
The hornet zombie hits you but does no damage.
The hornet zombie hits you.
* * * LOW HITPOINT WARNING * * *
Something hits you but does no damage.
Unknown command.
You slice the hornet zombie!!
The hornet zombie is almost destroyed.
The hornet zombie hits you.
You die...

#....5ooo###... .#.##..
#....#.#..#....
#.....####....###.....>.
#.....G.##...###(.......
...........()...##$.....
......##(........#....
#.............####...
##.{...........# ##.#
###.).Z@...#...... ##
#....)...#.#####.##
#........# ## ##.......#
##...#.## #######


You could see an eye of draining and a hornet zombie.

Vanquished Creatures
  Sigmund (D:4)
  An ogre (D:4)
  A scorpion (D:4)
  5 wights (D:2)
  2 orc priests (D:5)
  A centaur skeleton (D:4)
  2 orc wizards (D:5)
  An iguana (D:5)
  A worker ant (D:5)
  5 adders
  3 gnolls (D:3)
  A shadow imp (D:5)
  4 oozes
  4 worms
  A dart slug (D:2)
  2 leopard geckos
  11 orcs
  A ball python (D:1)
  4 bats
  5 giant cockroaches
  5 goblins
  6 hobgoblins
  5 jackals
  A quokka (D:3)
  4 frilled lizards
  8 kobolds
  8 rats
93 creatures vanquished.

Vanquished Creatures (others)
  An orc (D:5)
1 creature vanquished.

Grand Total: 94 creatures vanquished

Notes
Turn   | Place    | Note
-------+----------+-------------------------------------------
     0 | D:1      | McKennaii the Gargoyle Fighter began the quest for the Orb.
     0 | D:1      | Reached XP level 1. HP: 14/14 MP: 1/1
    30 | D:1      | Reached XP level 2. HP: 13/19 MP: 2/2
   227 | D:1      | Reached skill level 2 in Axes
   428 | D:1      | Reached XP level 3. HP: 23/23 MP: 3/3
   825 | D:2      | Found a broken altar of Ashenzari.
  1090 | D:2      | Reached skill level 3 in Axes
  1090 | D:2      | Reached XP level 4. HP: 21/29 MP: 2/4
  1167 | D:2      | Reached XP level 5. HP: 33/33 MP: 5/5
  1183 | D:2      | Reached skill level 4 in Axes
  1214 | D:2      | Reached XP level 6. HP: 34/38 MP: 4/6
  1620 | D:3      | Found a shadowy altar of Dithmenos.
  1976 | D:3      | Found a runed translucent gate.
  1976 | D:3      | Found a runed translucent gate.
  1977 | D:3      | Found a runed translucent gate.
  1986 | D:3      | Noticed tensugalgo's ghost (novice TrFi)
  2011 | D:3      | Found a sacrificial altar of Ru.
  2012 | D:3      | Found an iron altar of Okawaru.
  2012 | D:3      | Found a burning altar of Makhleb.
  2013 | D:3      | Found a sparkling altar of Nemelex Xobeh.
  2014 | D:3      | Found a hazy altar of Hepliaklqana.
  2017 | D:3      | Found an ancient bone altar of Kikubaaqudgha.
  2535 | D:4      | Reached skill level 5 in Axes
  2535 | D:4      | Reached XP level 7. HP: 30/44 MP: 7/7
  2765 | D:4      | Noticed Sigmund
  2781 | D:4      | Killed Sigmund
  2781 | D:4      | Reached skill level 1 in Dodging
  2786 | D:4      | Found a shimmering altar of Xom.
  2910 | D:4      | Found Zekakuch's Antique Armour Shoppe.
  2968 | D:4      | Reached skill level 1 in Stealth
  3223 | D:4      | Found Qaphip's Gadget Shoppe.
  3492 | D:5      | Entered Level 5 of the Dungeon
  3506 | D:5      | Found a staircase to the Ecumenical Temple.
  3871 | D:5      | Reached skill level 6 in Axes
  3873 | D:5      | Reached XP level 8. HP: 46/48 MP: 8/8
  4046 | D:5      | Reached skill level 5 in Shields
  4050 | D:5      | HP: 1/48 [hornet zombie (6)]
  4051 | D:5      | Slain by a hornet zombie

Illustrated notes

Levels and vault maps discovered:
D:1:      matt_arrival_los_fun, layout_rooms, minmay_strange_pillars
D:2:      wander_river, layout_loops_ring, overflow_temple_1_default
D:3:      layout_basic, nicolae_dithmenos_shadow_blocks, minitemple,
          ebering_ghost_rock_garden, minmay_quadrilaterals
D:4:      layout_layer_cave, serial_shops, nicolae_shop_crystal, shop,
          xom_teletrap_fun, uniq_sigmund
D:5:      layout_cave_pools, minmay_temple_entry_proselytizer

Skill      XL: |  1  2  3  4  5  6  7  8 |
---------------+-------------------------+-----
Axes           | 2 3 4 5 6 |  6.0
Shields        | 4 5 |  5.1
Fighting       | 4 |  4.5
Armour         | 4 |  4.8
Dodging        | 1 |  1.0
Stealth        | 1 |  1.6

Action                   |  1- 3 |  4- 6 |  7- 9 || total
-------------------------+-------+-------+-------++-------
Melee: War axe           |    97 |   131 |   103 ||   331
  Use: Scroll            |     3 |     3 |     1 ||     7
       Potion            |       |       |     6 ||     6
Armor: Scale mail        |    62 |    24 |       ||    86
       Chain mail        |       |    23 |    72 ||    95
Dodge: Dodged            |    37 |    23 |    16 ||    76
Block: Kite shield       |    58 |    76 |    61 ||   195
       Reflection        |       |       |     2 ||     2

Table legend: (Time is in decaauts)
 A = Elapsed time spent in this place.
 B = Non-inter-level travel time spent in this place.
 C = Inter-level travel time spent in this place.
 D = Time resting spent in this place.
 E = Time spent auto-exploring this place.
 F = Levels seen in this place.
 G = Mean time per level.
                   A        B        C        D        E       F      G
               +--------+--------+--------+--------+--------+-----+--------+
         Total |   4193 |   4015 |    178 |    381 |   2705 |   5 |  838.6 |
       Dungeon |   4193 |   4015 |    178 |    381 |   2705 |   5 |  838.6 |
               +--------+--------+--------+--------+--------+-----+--------+

Top non-repeatable levels by time:
     D:4: 1143 daAuts
     D:2: 925 daAuts
     D:3: 876 daAuts
     D:1: 668 daAuts
     D:5: 580 daAuts
